 Dungeon Crawl Stone Soup version 0.28-a0-384-g9e0c098162 (webtiles) character file.

Game seed: 8461288564226649324

53 lunkers the Ruffian (level 3, -1/51 HPs)
             Began as a Minotaur Cinder Acolyte on Sept 2, 2021.
             Was a High Priest of Ignis.
             Succumbed to Sigmund's poison
             ... on level 3 of the Dungeon.
             The game lasted 00:02:48 (1985 turns).

lunkers the Ruffian (Minotaur Cinder Acolyte)       Turns: 1985, Time: 00:02:49

Health: -1/51      AC: 21    Str: 19    XL:     3   Next: 62%
Magic:  3/3        EV:  2    Int: 11    God:    Ignis [*****.]
Gold:   62         SH:  0    Dex:  5    Spells: 4/4 levels left

rFire   + . .      SeeInvis .     - Unarmed
rCold   . . .      Faith    .   (no shield)
rNeg    + + +      Spirit   .   (armour currently unavailable)
rPois   +          Reflect  .   (helmet currently unavailable)
rElec   .          Harm     .   (cloak currently unavailable)
rCorr   .          Rampage  .   (gloves currently unavailable)
Will    .....      NoTele   +   (boots currently unavailable)
Stlth   +.........              (no amulet)
HPRegen 0.17/turn               (no ring)
MPRegen 0.08/turn               (no ring)

@: mighty, lethally poisoned (-1 -> -20), tree-form
A: stationary, stasis, torment immunity, boosted hp, (horns 2), (retaliatory
headbutt)
a: Renounce Religion, Sea of Fire, Foxfire Swarm, Rising Flame


You were on level 3 of the Dungeon.
You worshipped Ignis.
Ignis was extremely pleased with you.
You were a tree.
You visited 1 branch of the dungeon, and saw 3 of its levels.

You collected 62 gold pieces.

Inventory:

Armour
 a - a +0 robe (melded)
Scrolls
 b - a scroll of torment {unknown}
 c - 2 scrolls of blinking {unknown}
 f - 2 scrolls of teleportation {unknown}
 h - a scroll of identify {unknown}


   Skills:
 + Level 4.3 Fighting
 * Level 4.6 Unarmed Combat
 - Level 1.0 Spellcasting
 - Level 2.1 Fire Magic


You had 4 spell levels left.
You didn't know any spells.
Your spell library contained the following spells:

 Spells                   Type           Power      Damage    Failure   Level
 Scorch                   Fire           10%        2d5       21%         2
 Call Canine Familiar     Summ           0%         N/A       67%         3
 Portal Projectile        Hex/Tloc       0%         N/A       67%         3
 Leda's Liquefaction      Hex/Erth       0%         N/A       97%         4


Dungeon Overview and Level Annotations

Branches:
Dungeon (3/15)

Altars:

Annotations:
D:3 Sigmund


Innate Abilities, Weirdness & Mutations

You are a tree.
Your roots penetrate the ground, keeping you stationary.
You cannot be teleported.
You are immune to unholy pain and torment.
Your maximum health is greatly increased.
Your equipment is partially melded.
((You have a pair of horns on your head.))
((You reflexively headbutt those who attack you in melee.))


Message History

You kill the rat!
No target in view!
No target in view!
No target in view!
You see here a rat corpse.
You now have 62 gold pieces (gained 7).
You see here a rat corpse.
Found 25 arrows.
Sigmund the Dreaded comes into view.
He is wielding a +0 scythe of venom.
Sigmund shouts!
Sigmund hits you from afar with a +0 scythe of venom.
You are poisoned.
You feel sick.
You feel sick.
Sigmund points at you and mumbles some strange words.
The magic dart hits you.
It was a potion of might.
You feel very mighty all of a sudden.
You feel sick. Sigmund barely misses you.
Okay, then.
You barely miss Sigmund.
You feel sick.
You hit Sigmund but do no damage. Your headbutt misses Sigmund.
You feel sick.
Sigmund hits you with a +0 scythe of venom!
* * * LOW HITPOINT WARNING * * *
You are lethally poisoned!
You barely miss Sigmund.
* * * LOW HITPOINT WARNING * * *
You feel sick.
Sigmund casts a spell.
Sigmund flickers and vanishes!
Deactivating autopickup; reactivate with Ctrl-A.
It was a potion of flight.
You feel very buoyant.
You fly up into the air.
* * * LOW HITPOINT WARNING * * *
You feel sick. Something hits you but does no damage.
You are more poisoned.
It was a potion of lignification.
You turn into a tree.
Your +0 robe melds into your body.
Your roots penetrate the ground.
You die...

#.............#.#
###....>....###.#
###.....####..# ##.8.##
#..# ###.....### ?.#
###..†.<....###.# #
#.............#.###.####
..8...###...8...........
#...### ###...#.♣...###
##.# ##.##.#{### #.
####..##.#.# #.
#........#.#
........(###.#
.##.####.# .# #. #.# .#
# #.# .# #.#


There were no monsters in sight!

Vanquished Creatures
  2 adders (D:2)
  2 dart slugs (D:1)
  4 ball pythons
  4 endoplasms
  2 giant cockroaches
  2 goblins
  2 hobgoblins (D:1)
  2 quokkas
  4 bats
  3 frilled lizards (D:1)
  4 rats
31 creatures vanquished.

Notes
Turn   | Place    | Note
-------+----------+-------------------------------------------
     0 | D:1      | lunkers the Minotaur Cinder Acolyte began the quest for the
                  | Orb.
     0 | D:1      | Reached XP level 1. HP: 19/19 MP: 1/1
    60 | D:1      | Reached XP level 2. HP: 16/27 MP: 2/2
   600 | D:1      | Found a faded altar of an unknown god.
  1386 | D:2      | Reached XP level 3. HP: 26/33 MP: 3/3
  1945 | D:2      | You fall into a shaft and drop 1 floor!
  1977 | D:3      | Noticed Sigmund
  1985 | D:3      | Succumbed to Sigmund's poison

Illustrated notes

Levels and vault maps discovered:
D:1:      lightli_arrival_flooded_house, layout_basic,
          hellmonk_ecumenical_altar_heavens_door, amethyst_killhole
D:2:      layout_loops_cross, minivault_25, serial_bayou_crossing
D:3:      layout_loops_ring, slow_altar_2, nicolae_overflow_hidden_temple,
          mainiacjoe_overflow_alcove_2, grunt_ministairs_13,
          hangedman_decor_peaks_small, kennysheep_generic_room_16,
          uniq_crazy_yiuf_cottage, uniq_sigmund, uniq_ijyb

Skill      XL: |  1  2 |
---------------+-------+-----
Fighting       | 4 |  4.3
Unarmed Combat | 4 |  4.6
Spellcasting   | |  1.0
Fire Magic     | |  2.1

Action                   || total
-------------------------++-------
Melee: Unarmed           ||    75
       Headbutt          ||     5
  Use: Potion            ||     3
Armor: Robe              ||    13
Dodge: Dodged            ||    39

Table legend: (Time is in decaauts)
 A = Elapsed time spent in this place.
 B = Non-inter-level travel time spent in this place.
 C = Inter-level travel time spent in this place.
 D = Time resting spent in this place.
 E = Time spent auto-exploring this place.
 F = Levels seen in this place.
 G = Mean time per level.
                   A        B        C        D        E       F      G
               +--------+--------+--------+--------+--------+-----+--------+
         Total |   1978 |   1912 |     66 |      0 |   1721 |   3 |  659.3 |
       Dungeon |   1978 |   1912 |     66 |      0 |   1721 |   3 |  659.3 |
               +--------+--------+--------+--------+--------+-----+--------+

Top non-repeatable levels by time:
     D:1: 1214 daAuts
     D:2: 724 daAuts
     D:3: 39 daAuts
